 Dungeon Crawl Stone Soup version 0.30.0-29-ga12c61a403 (webtiles) character file.

Game seed: 1773815412800750280

94 ChiefBigBeans the Poker (level 4, -1/34 HPs)
             Began as a Demonspawn Gladiator on June 23, 2023.
             Killed by nerve-wracking pain
             ... invoked by an orc priest
              (12 damage)
             ... on level 3 of the Dungeon.
             The game lasted 00:04:03 (1475 turns).

ChiefBigBeans the Poker (Demonspawn Gladiator)      Turns: 1475, Time: 00:04:04

Health: -1/34      AC:  8    Str: 16    XL:     4   Next: 38%
Magic:  4/4        EV:  7    Int:  9    God:
Gold:   76         SH: 13    Dex: 15    Spells: 3/3 levels left

rFire   . . .        a - +0 trident
rCold   . . .        o - +2 tower shield
rNeg    . . .        h - +0 ring mail
rPois   .            (helmet restricted)
rElec   .            (no cloak)
rCorr   .            (no gloves)
SInv    .            i - +0 pair of boots
Will    .....        j - amulet of faith
Stlth   +            (no ring)
HPRegen 0.25/turn    (no ring)
MPRegen 0.09/turn

%: faith
@: no status effects
A: antennae 1, thin metallic scales 1, spiny 1
a: no special abilities


You were on level 3 of the Dungeon.
You visited 1 branch of the dungeon, and saw 3 of its levels.

You collected 76 gold pieces.

Inventory:

Hand Weapons
 a - a +0 trident (weapon)
Missiles
 d - 3 throwing nets (quivered)
 e - a javelin
Armour
 b - a +0 leather armour
 c - a +0 helmet
 h - a +0 ring mail (worn)
 i - a +0 pair of boots (worn)
 o - a +2 tower shield (worn)
Jewellery
 j - an amulet of faith (around neck)
Scrolls
 g - a scroll of enchant armour {unknown}
 k - 2 scrolls of identify {unknown}
 m - a scroll of noise {unknown}
 n - 2 scrolls of amnesia {unknown}
 q - a scroll of summoning {unknown}
 r - a scroll of teleportation {unknown}
Potions
 f - 4 potions of invisibility {unknown}
 l - 2 potions of haste {unknown}
 p - a potion of attraction {unknown}
 s - 2 potions of curing {unknown}
 t - a potion of lignification {unknown}


   Skills:
 + Level 2.8 Fighting
 + Level 3.3 Polearms
 - Level 1.8 Throwing
 + Level 1.5 Armour
 - Level 3.0 Dodging
 + Level 1.0 Shields


You had 3 spell levels left.
You didn't know any spells.
Your spell library contained the following spells:

 Spells                   Type           Power      Damage    Failure   Level
 Apportation              Tloc           0%         N/A       100%        1
 Beastly Appendage        Tmut           0%         N/A       100%        1
 Necrotise                Necr           0%         1d4       100%        1
 Summon Small Mammal      Summ           0%         N/A       100%        1
 Wereblood                Tmut           0%         N/A       100%        2
 Inner Flame              Hex/Fire       0%         N/A       100%        3
 Spider Form              Tmut/Pois      0%         N/A       100%        3
 Flame Wave               Conj/Fire      0%         2d4       100%        4
 Sticky Flame             Conj/Fire      0%         2d3       100%        4


Dungeon Overview and Level Annotations

Branches:
Dungeon (3/15)

Altars:

Shops:
D:1 (   D:2 *


Innate Abilities, Weirdness & Mutations

You have a pair of small antennae on your head.
You are partially covered in thin metallic scales. (AC +2)
You are partially covered in sharp spines.


Message History

You completely miss the orc.
The orc is heavily wounded.
You block the orc's attack.
You hit the orc but do no damage.
The orc is heavily wounded.
The orc hits you but does no damage.
The orc priest mumbles some strange prayers to Beogh against you.
Beogh smites you! The orc hits you but does no damage.
You puncture the orc!
You kill the orc!
You closely miss the orc. You block the orc's attack.
The orc barely misses you.
You hit the orc.
The orc is severely wounded.
The orc priest calls upon Beogh to heal the orc.
The orc is healed somewhat.
You block the orc's attack.
You puncture the orc!
You kill the orc!
You block the orc priest's attack.
An orc comes into view. It is wielding a +0 club.
You closely miss the orc priest.
The orc shouts!
The orc priest invokes the aid of Beogh against you.
Beogh smites you!
* * * LOW HITPOINT WARNING * * *
You block the orc priest's attack.
You are too injured to fight recklessly!
You are too injured to fight recklessly!
You are too injured to fight recklessly!
You are too injured to fight recklessly!
Unknown command.
You are too injured to fight recklessly!
You are too injured to fight recklessly!
You barely miss the orc priest. You block the orc priest's attack.
You hit the orc priest.
The orc priest is heavily wounded.
The orc priest looks encouraged for a moment.
The orc priest mumbles some strange prayers to Beogh against you.
Pain shoots through your body!
You die...

### #.. #####.#
....#.#########..#
#.......<.......
##.#....####.##
####...####
#.....## #.##@## #
#o# #r# #o# .o.
#.# ..# .##


You could see an orc priest, 2 orcs and a rat.

Vanquished Creatures
  A hound skeleton (D:2)
  An adder (D:2)
  An adder zombie (D:2)
  An adder skeleton (D:2)
  2 dart slugs
  5 worms (D:2)
  3 orcs (D:3)
  A ball python (D:2)
  2 bat skeletons (D:2)
  A bat zombie (D:2)
  3 endoplasms
  2 giant cockroaches
  6 goblins
  4 hobgoblins (D:1)
  A kobold (D:1)
  3 quokkas
  2 bats (D:1)
  A frilled lizard (D:2)
  3 rats
43 creatures vanquished.

Notes
Turn   | Place    | Note
-------+----------+-------------------------------------------
     0 | D:1      | ChiefBigBeans the Demonspawn Gladiator began the quest for
                  | the Orb.
     0 | D:1      | Reached XP level 1. HP: 16/16 MP: 1/1
   184 | D:1      | Gained mutation: You are partially covered in sharp spines.
                  | [demonic ancestry]
   184 | D:1      | Reached XP level 2. HP: 19/22 MP: 2/2
   267 | D:1      | Found Ubbubb's Antique Weapon Emporium.
   791 | D:2      | Reached skill level 1 in Armour
   791 | D:2      | Gained mutation: You are partially covered in thin metallic
                  | scales. (AC +2) [demonic ancestry]
   791 | D:2      | Reached XP level 3. HP: 28/28 MP: 3/3
  1090 | D:2      | Gained mutation: You have a pair of small antennae on your
                  | head. [demonic ancestry]
  1090 | D:2      | Reached XP level 4. HP: 34/34 MP: 4/4
  1110 | D:2      | Reached skill level 1 in Shields
  1242 | D:2      | Found Ropn's General Store.
  1475 | D:3      | Killed from afar by an orc priest

Illustrated notes

Levels and vault maps discovered:
D:1:      dpeg_arrival_leaves_temple_mockup, layout_loops_ring, serial_shops,
          shop, skrybe_limestone_x, kennysheep_doodads
D:2:      layout_loops_ring, serial_undead, serial_undead_f, serial_undead_f,
          serial_undead_e, serial_undead_b, serial_shops, shop,
          serial_bayou_ford_a
D:3:      layout_rooms, minitemple

Skill      XL: |  1  2  3  4 |
---------------+-------------+-----
Polearms       | 3 |  3.3
Dodging        | 3 |  3.0
Armour         | 1 |  1.5
Shields        | 1 |  1.0
Fighting       | |  2.8
Throwing       | |  1.8

Action                     |  1- 3 |  4- 6 || total
---------------------------+-------+-------++-------
  Melee: Trident           |   104 |    35 ||   139
         Punch             |     1 |       ||     1
   Stab: Sleeping          |     1 |       ||     1
 Armour: Leather armour    |     6 |       ||     6
         Ring mail         |    30 |    11 ||    41
  Dodge: Dodged            |    28 |     7 ||    35
  Block: Tower shield      |    37 |    28 ||    65
